 Dungeon Crawl Stone Soup version 0.21-a0-513-gdcb3f5e (webtiles) character file.

18516 Firecrotchwizard the Fighter (level 12, -9/126 HPs)
             Began as a Troll Monk on Dec 3, 2017.
             Was a High Priest of Okawaru.
             Mangled by a minotaur
             ... wielding a +0 club
              (20 damage)
             ... in a labyrinth.
             The game lasted 00:28:01 (13424 turns).

Firecrotchwizard the Fighter (Troll Monk)          Turns: 13424, Time: 00:28:01

Health: -9/126     AC:  7    Str: 22    XL:     12   Next: 28%
Magic:  15/16      EV: 21    Int:  6    God:    Okawaru [*****.]
Gold:   966        SH:  0    Dex: 19    Spells: 11/11 levels left

rFire    . . .     SeeInvis .     - Unarmed
rCold    + . .     Gourm    +   (no shield)
rNeg     . . .     Faith    .   L - +2 robe {rC+}
rPois    +         Spirit   .   (helmet restricted)
rElec    .         Reflect  .   y - scarf {cloud immunity}
rCorr    .         Harm     .   (gloves unavailable)
MR       .....                  (boots unavailable)
Stlth    +++.......             (no amulet)
HPRegen  0.71/turn              i - ring of poison resistance {rPois, !d}
MPRegen  0.15/turn              t - +3 ring of dexterity

@: heroism
A: large, unfitting armour, claws 3, fast metabolism 3, gourmand, regeneration
1, shaggy fur 1, tough skin 2
a: Heroism, Finesse, Renounce Religion


You were in a labyrinth.
You worshipped Okawaru.
Okawaru was extremely pleased with you.
You were not hungry.

You visited 3 branches of the dungeon, and saw 15 of its levels.
You also visited: Labyrinth.

You collected 966 gold pieces.

Inventory:

Hand Weapons
 R - the +4 triple crossbow of an ice cave {velocity, rC++ MR+ Stlth-}
   (Okawaru gifted it to you on level 2 of the Lair of Beasts)

   Any bolt fired from it inflicts extra damage.
   It greatly protects you from cold.
   It affects your resistance to hostile enchantments.
   It makes you less stealthy.
Missiles
 G - 2 throwing nets {=f, !d}
Armour
 a - a +1 robe
 y - a scarf of cloud immunity (worn)
   (You found it on level 9 of the Dungeon)
 L - a +2 robe of cold resistance (worn)
   (You took it off Fannar on level 1 of the Lair of Beasts)
Jewellery
 f - an uncursed ring of positive energy {rN+}
   (You found it on level 2 of the Dungeon)
 i - a ring of poison resistance (left claw) {rPois, !d}
   (You found it on level 1 of the Dungeon)
 t - a +3 ring of dexterity (right claw)
   (You found it on level 5 of the Dungeon)
 z - an uncursed ring of fire {rF+, rC-}
   (You found it on level 5 of the Dungeon)
 C - an uncursed ring of stealth {Stlth+}
   (You found it on level 7 of the Dungeon)
 M - an uncursed ring of ice {rC+, rF-}
   (You took it off Fannar on level 1 of the Lair of Beasts)
Wands
 g - a wand of digging (10)
   (You found it on level 3 of the Lair of Beasts)
 j - a wand of acid (10)
   (You found it on level 3 of the Lair of Beasts)
 u - a wand of enslavement (9)
   (You found it on level 5 of the Dungeon)
 B - a wand of flame (48)
   (You took it off a hobgoblin on level 7 of the Dungeon)
Scrolls
 c - 10 scrolls of remove curse
 l - 4 scrolls of amnesia
 o - a scroll of fear
 s - 5 scrolls of fog
 E - 4 scrolls of teleportation
 I - 3 scrolls of magic mapping {!r}
 J - a scroll of blinking {!r}
Potions
 d - 2 potions of agility
 e - 2 potions of flight
 m - a potion of cancellation {unknown}
 n - a potion of degeneration {unknown}
 q - 2 potions of lignification {!q}
 v - a potion of resistance
 w - 7 potions of curing
 x - 3 potions of mutation {!q}
 A - a potion of brilliance {unknown}
 D - 2 potions of haste
 F - a potion of experience {unknown}
 H - a potion of might {unknown}
 N - 2 potions of berserk rage {!q}
 Q - a potion of invisibility {unknown}
Books
 h - a book of Misfortune
   (You found it on level 6 of the Dungeon)
Miscellaneous
 P - a fan of gales
   (You found it on level 2 of the Lair of Beasts)
 S - a sack of spiders
Comestibles
 b - 6 bread rations {@e1}
 p - 32 fruits
 r - 4 royal jellies


   Skills:
 + Level 9.7(14.7) Fighting
 - Level 0.1(5.1) Armour
 + Level 9.6(14.6) Dodging
 - Level 1.0(6.0) Stealth
 - Level 8.1(13.1) Unarmed Combat
 + Level 4.9 Invocations
 - Level 7.2 Evocations


You had 11 spell levels left.
You didn't know any spells.

Dungeon Overview and Level Annotations

Branches:
Dungeon (10/15)            Temple (1/1) D:7            Lair (4/6) D:9
  Swamp (0/4) Lair:2        Snake (0/4) Lair:2
    Orc: D:9-12

Altars:
Cheibriados
Dithmenos
Elyvilon
Gozag
Hepliaklqana
Okawaru
Ru
Sif Muna
Trog
Vehumet
Wu Jian
Yredelemnul

Shops:
D:6 =

Annotations:
D:7 exclusion: door
Lair:1 exclusion: 2 oklob plants


Innate Abilities, Weirdness & Mutations

You are too large for most types of armour.
You have claws for hands.
Your metabolism is lightning-fast.
You like to eat raw meat.
Your natural rate of healing is unusually fast.
You are covered in fur. (AC +1)
You have very tough skin. (AC +2)


Message History

There is an escape hatch in the ceiling here.
Done exploring.
(D) Dungeon (T) Temple (L) Lair (S) Swamp (P) Snake Pit
Where to? (Enter - Lair:3, ? - help)
There is a stone staircase leading down here.
You climb downwards.
You hear a distant snort.
Hark!
There is an entrance to a minotaur's labyrinth on this level.
Find the entrance quickly before the gate is sealed!
A crocodile comes into view.
Found 9 gold pieces and 22 stones.
Found a labyrinth entrance.
There is a stone staircase leading up here.
The helpless crocodile fails to defend itself.
You mangle the crocodile!!
You kill the crocodile!
Okawaru accepts your kill.
You now have 966 gold pieces (gained 9).
There is a labyrinth entrance here.
Beware, the minotaur awaits!
The world spins around you as you enter the gateway.
As you enter the labyrinth, previously moving walls settle noisily into place.
You hear the metallic echo of a distant snort before it fades into the rock.
A hungry ghost comes into view.
You hear an odd grinding sound! 2 basilisks come into view.
The basilisk hisses angrily. x2
You claw the basilisk! You completely miss the basilisk.
The basilisk misses you.
You barely miss the basilisk. The basilisk gazes at you.
You are slowing down.
You claw the basilisk! The basilisk bites you!
Your limbs are stiffening.
You take 6 damage, and have 120/126 hp.
You mangle the basilisk!!
You kill the basilisk!
Okawaru accepts your kill. The basilisk closely misses you.
You have turned to stone.
The basilisk bites you.
The basilisk bites you but does no damage.
The basilisk bites you.
The basilisk bites you but does no damage.
The basilisk bites you. The basilisk gazes at you. The basilisk bites you!
The basilisk bites you. The basilisk bites you! x2
You turn to flesh and can move again.
You take 13 damage, and have 107/126 hp.
Unknown command.
Unknown command.
You scratch the basilisk but do no damage.
You mangle the basilisk!!
The basilisk bites you but does no damage.
You claw the basilisk! The basilisk bites you.
You take 5 damage, and have 103/126 hp.
You scratch the basilisk but do no damage.
The basilisk bites you but does no damage.
You claw the basilisk!
You kill the basilisk!
Okawaru accepts your kill.
You see here a basilisk corpse. 2 basilisks come into view.
The basilisk moves out of view.
You see here a basilisk corpse.
Health restored: 126 A minotaur comes into view.
It is wielding a club.
The minotaur bellows!
You claw the minotaur! The minotaur hits you with a club!!
The minotaur gores you.
You take 29 damage, and have 97/126 hp.
MASSIVE DAMAGE!!
You gain the combat prowess of a mighty hero.
The minotaur hits you with a club!! The minotaur gores you!
You take 32 damage, and have 65/126 hp.
MASSIVE DAMAGE!!
You now have 14/16 mp.
You scratch the minotaur. The minotaur hits you with a club!!
The minotaur gores you!
* * * LOW HITPOINT WARNING * * *
You take 36 damage, and have 29/126 hp.
MASSIVE DAMAGE!!
You scratch the minotaur but do no damage.
You claw the minotaur! x2; The minotaur completely misses you.
The minotaur barely misses you.
You mangle the minotaur!! The minotaur misses you. The minotaur gores you!
* * * LOW HITPOINT WARNING * * *
You take 8 damage, and have 22/126 hp.
You feel better. The minotaur hits you with a club.
* * * LOW HITPOINT WARNING * * *
The minotaur completely misses you.
You regained 7 hp, and now have 29/126 hp.
You scratch the minotaur but do no damage.
The minotaur hits you with a club!
* * * LOW HITPOINT WARNING * * *
The minotaur gores you!
* * * LOW HITPOINT WARNING * * *
You take 19 damage, and have 10/126 hp.
You claw the minotaur! You barely miss the minotaur.
The minotaur hits you with a club!!
You die...

. .# .. # #
.#.#. .. . .# #
########....#..
. #. ...... . .
#.########. .
.. .#....H.# .
.#. . #.# #@#..
.. # .# #.#.
...# # ###
##.#... #
#........#. #..
# ### #### . .
.. . .. ...#.#
#. # ......†..
. .# . . ##.#
#.# #.### ≈.≈
≈. #. .#.


You could see a minotaur.

Vanquished Creatures
  Fannar (Lair:1)
  A hydra (Lair:1)
  A two-headed ogre (D:10)
  Urug (Lair:3)
  An unseen horror (D:10)
  The ghost of Alex the Basher, a novice NaWr of Cheibriados (D:7)
  3 elephants (Lair:3)
  A black mamba (Lair:3)
  Joseph (D:7)
  2 spiny frogs
  A gargoyle (D:10)
  A rime drake (Lair:1)
  A polar bear (Lair:3)
  5 blink frogs (Lair:3)
  4 hippogriffs
  Sigmund (D:2)
  A vampire (D:10)
  22 yaks
  5 basilisks
  A fire elemental (Lair:2)
  2 nagas (Lair:2)
  Edmund (D:6)
  Menkaure (D:5)
  4 water moccasins
  6 porcupines
  3 ice beasts
  6 black bears
  2 sky beasts
  An eye of draining (D:10)
  4 orc warriors
  A phantom (D:7)
  4 ogres
  4 centaurs
  5 crocodiles
  A gnoll sergeant (D:8)
  3 bullfrogs
  4 scorpions
  A wyvern skeleton (D:10)
  4 crimson imps
  4 centaur zombies
  3 jellies
  A bullfrog zombie (D:9)
  4 orc priests
  4 hounds
  A bullfrog skeleton (D:6)
  A centaur skeleton (D:5)
  An iguana (D:10)
  8 orc wizards
  Natasha (twice) (D:4)
  9 worker ants
  A worker ant zombie (D:10)
  9 gnolls
  9 adders
  A shadow imp (D:5)
  An adder skeleton (D:5)
  6 worms
  3 dart slugs
  4 leopard geckos
  28 orcs
  9 bats
  6 giant cockroaches
  11 goblins
  11 hobgoblins
  9 jackals
  3 quokkas
  4 ball pythons
  8 frilled lizards
  5 kobolds
  A leopard gecko zombie (D:5)
  13 rats
292 creatures vanquished.

Vanquished Creatures (others)
  A wizard (D:4)
  3 fungi
  A plant (Lair:1)
5 creatures vanquished.

Grand Total: 297 creatures vanquished

Notes
Turn   | Place    | Note
-------+----------+-------------------------------------------
     0 | D:1      | Firecrotchwizard the Troll Monk began the quest for the Orb.
     0 | D:1      | Reached XP level 1. HP: 22/22 MP: 0/0
    43 | D:1      | Reached XP level 2. HP: 27/29 MP: 1/1
   213 | D:1      | Reached skill level 4 in Unarmed Combat
   361 | D:1      | Reached XP level 3. HP: 36/36 MP: 2/2
   763 | D:2      | Found a faded altar of an unknown god.
   767 | D:2      | Noticed Sigmund
   781 | D:2      | Killed Sigmund
   781 | D:2      | Reached skill level 6 in Unarmed Combat
   781 | D:2      | Reached XP level 4. HP: 42/44 MP: 3/3
   781 | D:2      | Reached XP level 5. HP: 47/50 MP: 4/4
  1068 | D:2      | Found a snail-covered altar of Cheibriados.
  2123 | D:4      | Reached XP level 6. HP: 59/59 MP: 5/5
  2126 | D:4      | Found a bloodstained altar of Trog.
  2132 | D:4      | Noticed a wizard
  2136 | D:4      | Killed a wizard
  2230 | D:4      | Noticed Natasha
  2236 | D:4      | Killed Natasha
  2236 | D:4      | Reached skill level 7 in Unarmed Combat
  2303 | D:4      | Noticed Natasha
  2308 | D:4      | Killed Natasha
  2622 | D:4      | Found a white marble altar of Elyvilon.
  2894 | D:5      | Entered Level 5 of the Dungeon
  2941 | D:5      | Reached skill level 8 in Unarmed Combat
  2941 | D:5      | Reached XP level 7. HP: 20/66 MP: 6/6
  3030 | D:5      | Found a sacrificial altar of Ru.
  3215 | D:5      | Found a sacrificial altar of Ru.
  3434 | D:5      | Noticed Menkaure
  3439 | D:5      | Killed Menkaure
  3439 | D:5      | Reached skill level 1 in Evocations
  3666 | D:5      | Reached skill level 3 in Fighting
  3666 | D:5      | Reached skill level 3 in Dodging
  4263 | D:6      | Found an opulent altar of Gozag.
  4290 | D:6      | Reached skill level 2 in Evocations
  4290 | D:6      | Reached XP level 8. HP: 75/75 MP: 8/8
  4321 | D:6      | Found Yris's Jewellery Shop.
  4436 | D:6      | Noticed Edmund
  4444 | D:6      | Killed Edmund
  4444 | D:6      | Reached skill level 4 in Fighting
  4444 | D:6      | Reached skill level 4 in Dodging
  4974 | D:7      | Reached skill level 3 in Evocations
  5019 | D:7      | Found a staircase to the Ecumenical Temple.
  5029 | Temple   | Entered the Ecumenical Temple
  5045 | Temple   | Became a worshipper of Warmaster Okawaru
  5045 | Temple   | Reached * piety under Okawaru
  5045 | Temple   | Reached ** piety under Okawaru
  5195 | D:7      | Found a radiant altar of Vehumet.
  5219 | D:7      | Found a basalt altar of Yredelemnul.
  5291 | D:7      | HP: 6/79 [ogre/giant club (22)]
  5434 | D:7      | Found a deep blue altar of Sif Muna.
  5475 | D:7      | Noticed Joseph
  5502 | D:7      | Killed Joseph
  5502 | D:7      | Reached skill level 5 in Fighting
  5502 | D:7      | Reached skill level 5 in Dodging
  5502 | D:7      | Reached XP level 9. HP: 23/88 MP: 7/10
  5506 | D:7      | Noticed Alex's ghost (novice NaWr)
  5589 | D:7      | Found a flagged portal.
  5625 | D:7      | Killed Alex's ghost
  5625 | D:7      | Reached skill level 4 in Evocations
  5787 | D:8      | HP: 22/88 [ice beast (12)]
  5792 | D:8      | HP: 15/89 [hound (2)]
  5936 | D:8      | Reached *** piety under Okawaru
  6063 | D:8      | Reached skill level 6 in Fighting
  6066 | D:8      | Reached skill level 6 in Dodging
  6237 | D:8      | Reached skill level 5 in Evocations
  6673 | D:8      | Reached **** piety under Okawaru
  6673 | D:8      | Reached XP level 10. HP: 94/100 MP: 12/12
  6681 | D:8      | HP: 25/100 [yak (10)]
  7055 | D:8      | HP: 24/100 [yak (4)]
  7057 | D:8      | Reached skill level 7 in Fighting
  7195 | D:8      | Reached skill level 7 in Dodging
  7363 | D:9      | Reached skill level 6 in Evocations
  7629 | D:9      | Found a staircase to the Lair.
  7833 | D:9      | Found a shadowy altar of Dithmenos.
  8061 | D:10     | Entered Level 10 of the Dungeon
  8401 | D:10     | Noticed a gargoyle
  8410 | D:10     | Killed a gargoyle
  8876 | D:10     | Noticed a two-headed ogre
  8882 | D:10     | Killed a two-headed ogre
  8882 | D:10     | Reached skill level 8 in Fighting
  8882 | D:10     | Reached XP level 11. HP: 66/111 MP: 7/15
  8887 | D:10     | Reached ***** piety under Okawaru
  9036 | D:10     | Killed an unseen horror
  9036 | D:10     | Reached skill level 8 in Dodging
  9472 | Lair:1   | Entered Level 1 of the Lair of Beasts
  9635 | Lair:1   | Noticed Fannar
  9645 | Lair:1   | Killed Fannar
  9645 | Lair:1   | Reached skill level 7 in Evocations
  9865 | Lair:1   | Noticed an oklob plant
 10312 | Lair:1   | Noticed a six-headed hydra
 10320 | Lair:1   | Killed a six-headed hydra
 10320 | Lair:1   | Reached skill level 1 in Invocations
 10946 | Lair:1   | Noticed an oklob plant
 11031 | Lair:2   | Reached skill level 2 in Invocations
 11104 | Lair:2   | Found a staircase to the Snake Pit.
 11366 | Lair:2   | Reached skill level 9 in Fighting
 11397 | Lair:2   | Reached skill level 9 in Dodging
 11412 | Lair:2   | Reached skill level 3 in Invocations
 11531 | Lair:2   | Received a gift from Okawaru
 11535 | Lair:2   | Got a brightly glowing triple crossbow {god gift}
 11690 | Lair:2   | Found a staircase to the Swamp.
 11991 | Lair:2   | Identified the +4 triple crossbow of an ice cave {velocity, rC++ MR+ Stlth-} (Okawaru gifted it to you on level 2 of the Lair of Beasts)
 12298 | Lair:3   | Reached XP level 12. HP: 59/123 MP: 16/16
 12500 | Lair:3   | Noticed Urug
 12507 | Lair:3   | Reached skill level 4 in Invocations
 12521 | Lair:3   | HP: 30/124 [elephant (13)]
 12522 | Lair:3   | HP: 2/124 [Urug/broad axe of holy wrath (23)]
 12527 | Lair:3   | Killed Urug
 13276 | Lair:4   | Found a labyrinth entrance.
 13287 | Lab      | Entered a labyrinth
 13414 | Lab      | Noticed a minotaur
 13417 | Lab      | HP: 29/126 [minotaur/club (11)]
 13422 | Lab      | HP: 22/126 [minotaur/club (8)]
 13422 | Lab      | HP: 10/126 [minotaur/club (12)]
 13424 | Lab      | Mangled by a minotaur

Vault maps used:
D:1:      minmay_arrival_stair_chambers, minmay_rat_gold_closets
D:2:      cheibriados_altar_1, chequers_ecumenical_altar_twisty, uniq_sigmund
D:4:      elyvilon_altar_1, trog_wizard, uniq_natasha
D:5:      corexii_shack_village, lemuel_crystal_altar, basic_altar, first_bread,
          kennysheep_small_spiral, minmay_strange_pillars, dk_vineyard_3,
          kennysheep_opposing_triangles, uniq_menkaure
D:6:      overflow_temple_1_default, serial_shops, shop,
          minmay_item_behind_shaft, uniq_edmund
D:7:      lemuel_ice_spiral_2, yredelemnul_altar_generic, led_sif_book,
          vehumet_altar_wand_db, minmay_temple_entry_glass, enter_bailey_3,
          uniq_joseph
D:9:      nicolae_overflow_hidden_temple, grunt_lair_entry_orc_guard_hut
Temple:   oiseaux_autumnal_temple
Lair:1:   minmay_lair_oklob_chamber, lemuel_fruit_tree, uniq_fannar
Lair:2:   swamp_mist_pool, guppyfry_snake_entry_garden,
          grunt_forest_small_clearings, infiniplex_staircase_pool_2
Lair:3:   uniq_urug
Lair:4:   lab_entry_generic, uniq_snorg
Lab:      labyrinth_spiral, nicolae_lab_very_dead_end, nicolae_lab_quarters,
          nicolae_lab_grate, nicolae_lab_statue, nicolae_lab_flowing_pool,
          nicolae_lab_grate_2

Skill      XL: |  1  2  3  4  5  6  7  8  9 10 11 12 |
---------------+-------------------------------------+-----
Unarmed Combat | 4 6 8 |  8.1
Evocations     | 2 3 5 6 7 |  7.2
Fighting       | 3 5 6 8 9 |  9.7
Dodging        | 3 5 6 7 9 |  9.6
Invocations    | 3 4 |  4.9
Armour         | |  0.1
Stealth        | |  1.0

Action                   |  1- 3 |  4- 6 |  7- 9 | 10-12 || total
-------------------------+-------+-------+-------+-------++-------
Melee: Unarmed           |    84 |   126 |   235 |   500 ||   945
       Punch             |       |     5 |    11 |    40 ||    56
Invok: Heroism           |       |       |     4 |    10 ||    14
       Finesse           |       |       |       |     1 ||     1
Evoke: Wand              |       |       |     2 |     9 ||    11
  Use: Scroll            |       |       |    11 |    10 ||    21
       Potion            |       |       |       |     4 ||     4
 Stab: Sleeping          |     4 |     2 |     5 |     8 ||    19
  Eat: Chunk             |    13 |    19 |    34 |    52 ||   118
       Meat ration       |       |       |       |     1 ||     1
Armor: Robe              |    33 |    41 |    47 |    85 ||   206
Dodge: Dodged            |    34 |    52 |   142 |   352 ||   580

Table legend:
 A = Spawn XP
 B = Non-spawn XP
 C = Spawn XP percentage of total XP
 D = Spawn monster count
 E = Non-spawn monster count
 F = Spawn count percentage of total count
 G = Total turns spent on level
                    A         B        C        D         E        F      G
               +---------+---------+-------+---------+---------+-------+---------
         Total |       0 |   26452 |   0.0 |       0 |     292 |   0.0 | 13424
               +---------+---------+-------+---------+---------+-------+---------
           D:1 |       0 |      52 |   0.0 |       0 |      33 |   0.0 |   552
           D:2 |       0 |     275 |   0.0 |       0 |      18 |   0.0 |   902
           D:3 |       0 |      37 |   0.0 |       0 |      16 |   0.0 |   636
           D:4 |       0 |     240 |   0.0 |       0 |      15 |   0.0 |   804
           D:5 |       0 |     641 |   0.0 |       0 |      28 |   0.0 |  1150
           D:6 |       0 |     610 |   0.0 |       0 |      10 |   0.0 |   904
           D:7 |       0 |    1817 |   0.0 |       0 |      19 |   0.0 |   831
           D:8 |       0 |    4314 |   0.0 |       0 |      46 |   0.0 |  1629
           D:9 |       0 |    1120 |   0.0 |       0 |      24 |   0.0 |   674
          D:10 |       0 |    3654 |   0.0 |       0 |      32 |   0.0 |  1357
        Lair:1 |       0 |    4268 |   0.0 |       0 |      14 |   0.0 |  1552
        Lair:2 |       0 |    2900 |   0.0 |       0 |      14 |   0.0 |   998
        Lair:3 |       0 |    6038 |   0.0 |       0 |      20 |   0.0 |  1254
        Lair:4 |       0 |     103 |   0.0 |       0 |       1 |   0.0 |    11
           Lab |       0 |     383 |   0.0 |       0 |       2 |   0.0 |   137
               +---------+---------+-------+---------+---------+-------+---------

Vault maps used:
D:1:      minmay_arrival_stair_chambers, minmay_rat_gold_closets
D:2:      cheibriados_altar_1, chequers_ecumenical_altar_twisty, uniq_sigmund
D:4:      elyvilon_altar_1, trog_wizard, uniq_natasha
D:5:      corexii_shack_village, lemuel_crystal_altar, basic_altar, first_bread,
          kennysheep_small_spiral, minmay_strange_pillars, dk_vineyard_3,
          kennysheep_opposing_triangles, uniq_menkaure
D:6:      overflow_temple_1_default, serial_shops, shop,
          minmay_item_behind_shaft, uniq_edmund
D:7:      lemuel_ice_spiral_2, yredelemnul_altar_generic, led_sif_book,
          vehumet_altar_wand_db, minmay_temple_entry_glass, enter_bailey_3,
          uniq_joseph
D:9:      nicolae_overflow_hidden_temple, grunt_lair_entry_orc_guard_hut
Temple:   oiseaux_autumnal_temple
Lair:1:   minmay_lair_oklob_chamber, lemuel_fruit_tree, uniq_fannar
Lair:2:   swamp_mist_pool, guppyfry_snake_entry_garden,
          grunt_forest_small_clearings, infiniplex_staircase_pool_2
Lair:3:   uniq_urug
Lair:4:   lab_entry_generic, uniq_snorg
Lab:      labyrinth_spiral, nicolae_lab_very_dead_end, nicolae_lab_quarters,
          nicolae_lab_grate, nicolae_lab_statue, nicolae_lab_flowing_pool,
          nicolae_lab_grate_2

Table legend:
 A = Turns spent in this place as a percentage of turns spent in the entire game.
 B = Non-inter-level travel turns spent in this place as a percentage of non-inter-level travel turns spent in the entire game.
 C = Inter-level travel turns spent in this place as a percentage of turns spent in this place.
 D = Turns resting spent in this place as a percentage of non-inter-level travel turns spent in this place.
 E = Turns spent auto-exploring this place as a percentage of non-inter-level travel turns spent in this place.
 F = Non-inter-level travel turns spent in this place divided by the number of levels of this place that you've seen.
                   A       B       C       D       E      F
               +-------+-------+-------+-------+-------+----------------------
         Total | 100.0 | 100.0 |   4.0 |  16.6 |  65.9 | 805.6
       Dungeon |  70.3 |  70.0 |   4.4 |  16.9 |  66.0 | 902.5
        Temple |   0.2 |   0.1 |  48.5 |   0.0 |  58.8 |  17.0
          Lair |  28.4 |  28.8 |   2.7 |  16.6 |  68.1 | 927.8
     Labyrinth |   1.0 |   1.1 |   0.0 |   0.0 |   0.0 | 137.0
               +-------+-------+-------+-------+-------+----------------------

Table legend:
 A = Kills in this place as a percentage of kills in entire the game.
 B = Kills by you in this place as a percentage of kills by you in the entire game.
 C = Kills by friends in this place as a percentage of kills by friends in the entire game.
 D = Other kills in this place as a percentage of other kills in the entire game.
 E = Experience gained in this place as a percentage of experience gained in the entire game.
 F = Experience gained in this place divided by the number of levels of this place that you have seen.
                   A       B       C       D       E      F
               +-------+-------+-------+-------+-------+----------------------
         Total | 100.0 | 100.0 |   N/A |   N/A | 100.0 | 1653.2
       Dungeon |  82.5 |  82.5 |   N/A |   N/A |  48.2 | 1276.0
          Lair |  16.8 |  16.8 |   N/A |   N/A |  50.3 | 3327.2
     Labyrinth |   0.7 |   0.7 |   N/A |   N/A |   1.4 | 383.0
               +-------+-------+-------+-------+-------+----------------------
